 Dungeon Crawl Stone Soup version 0.31.0-9-g3a7656b989 (webtiles) character file.

Game seed: 14108278000333610131

114 qw the Shooter (level 4, -7/23 HPs)
             Began as a Spriggan Hunter on Feb 2, 2024.
             Mangled by a gnoll
             ... wielding a +0 halberd
              (9 damage)
             ... on level 3 of the Dungeon.
             The game lasted 00:00:07 (1494 turns).

qw the Shooter (Spriggan Hunter)                    Turns: 1494, Time: 00:00:07

Health: -7/23      AC:  2    Str:  7    XL:     4   Next: 66%
Magic:  5/5        EV: 20    Int: 10    God:
Gold:   139        SH:  5    Dex: 20    Spells: 3/3 levels left

rFire   . . .        a - +0 shortbow
rCold   . . .        (shield currently unavailable)
rNeg    . . .        c - +0 robe
rPois   .            (helmet restricted)
rElec   .            (no cloak)
rCorr   .            (gloves unavailable)
SInv    +            (boots unavailable)
Will    .....        f - amulet of reflection
Stlth   ++           (no ring)
HPRegen 0.23/turn    (no ring)
MPRegen 0.09/turn

%: reflection
@: very quick
A: very small, no large weapons, unfitting armour, see invisible, speed 3
a: no special abilities


You were on level 3 of the Dungeon.
You visited 1 branch of the dungeon, and saw 3 of its levels.

You collected 139 gold pieces.


Innate Abilities, Weirdness & Mutations

You are very small and have problems with some larger weapons.
You are too small for most types of armour.
You have supernaturally acute eyesight. (SInv)
You cover ground extremely quickly. (Speed+++)


   Skills:
 + Level 1.8 Fighting
 - Level 5.0 Ranged Weapons
 - Level 5.0 Dodging
 - Level 1.5 Stealth


You had 3 spell levels left.
You didn't know any spells.
Your spell library was empty.

Inventory:

Hand Weapons
 a - a +0 shortbow (weapon)
Armour
 c - a +0 robe (worn)
Jewellery
 f - an amulet of reflection (around neck)
Scrolls
 b - 2 scrolls of identify
 d - a scroll of amnesia {unknown}
Potions
 e - a potion of enlightenment
 i - a potion of curing

Dungeon Overview and Level Annotations

Branches:
Dungeon (3/15)

Altars:

Shops:
D:2 :


Message History

The gnoll is lightly wounded.
A gnoll comes into view. It is wielding a +0 halberd.
You shoot an arrow. The arrow closely misses the gnoll. x2
The gnoll shouts!
You hear a shout!
You shoot an arrow. The arrow barely misses the gnoll.
The arrow hits the gnoll.
The gnoll is heavily wounded.
You shoot an arrow. The arrow barely misses the gnoll.
The arrow hits the gnoll but does no damage.
The gnoll is heavily wounded.
A gnoll comes into view.
It is wielding a +0 spear and quivering a throwing net.
The gnoll hits you with a +0 whip!
You shoot an arrow. The arrow hits the gnoll.
The gnoll is moderately wounded.
You block the gnoll's attack.
You shoot an arrow. The arrow hits the gnoll.
The gnoll is severely wounded.
The gnoll barely misses you. The gnoll hits you with a +0 club.
You shoot an arrow. The arrow hits the gnoll!
You kill the gnoll!
The gnoll closely misses you. The gnoll misses you.
The gnoll completely misses you. x2
Your Dodging skill increases to level 5!
You shoot an arrow. The arrow hits the gnoll!
The gnoll is severely wounded.
You block the gnoll's attack.
You shoot an arrow. The arrow hits the gnoll.
The gnoll is almost dead.
The gnoll hits you from afar with a +0 spear!
The gnoll misses you. The gnoll closely misses you.
You shoot an arrow. The arrow hits the gnoll.
The gnoll is almost dead.
You block the gnoll's attack. The gnoll hits you with a +0 whip.
The gnoll misses you.
You shoot an arrow. The arrow hits the gnoll.
You kill the gnoll!
The gnoll completely misses you. You block the gnoll's attack.
You shoot an arrow. The arrow closely misses the gnoll.
The gnoll hits you from afar with a +0 halberd!
You die...

#.........# ...
.###.........# #.#
.............#
####.#..#####...#####
?..$...# #...# ...##.#
#...##### #gg##.#
#........
#).##.#####.#.#####
##.###)@##.........#####
=.....%....#####.#......
##!###...........#.#####
#.##..##.####.# #.
#..##.# #.# #. #.###.#
#.# #. #.# #.# #.# #.
#.# #.# #.# #. #.# #.#
#.#


You could see 2 gnolls.

Vanquished Creatures
  2 gnolls (D:3)
  3 adders
  4 dart slugs
  2 ribbon worms (D:2)
  3 endoplasms (D:1)
  3 giant cockroaches
  4 hobgoblins
  6 jackals
  3 quokkas
  3 ball pythons
  7 bats
  3 frilled lizards (D:1)
  6 goblins
  5 kobolds
  3 rats
57 creatures vanquished.

Notes
Turn   | Place    | Note
-------+----------+-------------------------------------------
     0 | D:1      | qw the Spriggan Hunter began the quest for the Orb.
     0 | D:1      | Reached XP level 1. HP: 10/10 MP: 2/2
     0 | D:1      | 0 ||| qw: Version: 0.3-a-155-g5e7d8dd
     0 | D:1      | 0 ||| qw: Game counter: 2064
     0 | D:1      | 0 ||| qw: Melee chars always use a shield: true
     0 | D:1      | 0 ||| qw: God list: Okawaru
     0 | D:1      | 0 ||| qw: Allow faded altars: false
     0 | D:1      | 0 ||| qw: Do Orc after clearing Dungeon:15 true
     0 | D:1      | 0 ||| qw: Do second Lair branch before Depths: true
     0 | D:1      | 0 ||| qw: Lair rune preference: random
     0 | D:1      | 0 ||| qw: Goals: Normal
     0 | D:1      | 0 ||| PLANNING D:1-11
    42 | D:1      | Reached skill level 3 in Dodging
    81 | D:1      | Reached XP level 2. HP: 14/14 MP: 3/3
   442 | D:1      | Reached XP level 3. HP: 18/18 MP: 4/4
   643 | D:1      | 643 ||| UPGRADING to amulet of reflection.
   648 | D:1      | 648 ||| READING scroll labelled JYIGYF OMEM.
   649 | D:1      | 649 ||| READING scroll labelled DOSEUP OSITAKI.
   649 | D:1      | 649 ||| IDENTIFYING fuming brown potion
   650 | D:1      | 650 ||| DROPPING scroll of butterflies.
   721 | D:2      | 721 ||| FLEEEEING.
   984 | D:2      | Found Forghuece's Book Shoppe.
   994 | D:2      | Reached XP level 4. HP: 22/22 MP: 5/5
  1289 | D:2      | 1289 ||| DROPPING amulet of guardian spirit.
  1290 | D:2      | 1290 ||| READING 2 scrolls of identify.
  1290 | D:2      | 1290 ||| IDENTIFYING sedimented white potion
  1291 | D:2      | 1291 ||| READING scroll of identify.
  1291 | D:2      | 1291 ||| IDENTIFYING emerald potion
  1292 | D:2      | 1292 ||| READING scroll labelled HIOTHR GASILE.
  1333 | D:2      | 1333 ||| DROPPING potion of berserk rage.
  1491 | D:3      | HP: 4/22 [gnoll/+0 spear (7)]
  1494 | D:3      | Mangled by a gnoll

Levels and vault maps discovered:
D:1:      tekkud_arrival_beachfront_property, layout_basic, serial_glass,
          glass_columns_a, glass_columns_c
D:2:      layout_rooms, serial_corexii_hall, chequers_hall_statues_corner_a,
          chequers_hall_statues_wall_a, serial_shops, shop, hex_medium
D:3:      layout_basic, mainiacjoe_overflow_tiny_flanked, st_stairs_10

Skill      XL: |  1  2  3  4 |
---------------+-------------+-----
Dodging        | 3 4 5 |  5.0
Ranged Weapons | 5 |  5.0
Fighting       | |  1.8
Stealth        | |  1.5

Action                     |  1- 3 |  4- 6 || total
---------------------------+-------+-------++-------
   Fire: Shortbow          |   136 |    43 ||   179
    Use: Scroll            |     2 |     3 ||     5
 Armour: Robe              |    16 |    10 ||    26
  Dodge: Dodged            |    40 |    16 ||    56
  Block: Other             |     4 |     6 ||    10
         Reflection        |     1 |       ||     1

Table legend:
 A = Non-vault XP
 B = Vault XP
 C = Vault XP percentage of total XP
 D = Non-vault monster count
 E = Vault monster count
 F = Vault count percentage of total count
                 A         B        C        D         E       F
            +---------+---------+-------+---------+---------+-------
      Total |     163 |       0 |   0.0 |      57 |       0 |   0.0
            +---------+---------+-------+---------+---------+-------
        D:1 |      55 |       0 |   0.0 |      32 |       0 |   0.0
        D:2 |      61 |       0 |   0.0 |      19 |       0 |   0.0
        D:3 |      47 |       0 |   0.0 |       6 |       0 |   0.0
            +---------+---------+-------+---------+---------+-------
